 Dungeon Crawl Stone Soup version 0.29-a0-972-g43c84944fd (webtiles) character file.

Game seed: 14305178245552017761

31533 mardmx the Unseen (level 13, -4/65 HPs)
             Began as a Spriggan Enchanter on July 31, 2022.
             Was the Champion of Dithmenos.
             Constricted to death by Jorgrun (13 damage)
             ... on level 15 of the Dungeon.
             The game lasted 00:39:32 (19852 turns).

mardmx the Unseen (Spriggan Enchanter)             Turns: 19852, Time: 00:39:32

Health: -4/65      AC: 10    Str:  8    XL:     13   Next: 26%
Magic:  31/31      EV: 20    Int: 23    God:    Dithmenos [******]
Gold:   488        SH:  5    Dex: 16    Spells: 19/38 levels left

rFire   . . .      SeeInvis +   a - +5 dagger
rCold   . . .      Faith    .   (no shield)
rNeg    . . .      Spirit   .   x - +1 steam dragon scales
rPois   +          Reflect  +   y - +2 hat
rElec   .          Harm     .   n - +1 cloak
rCorr   .          Rampage  .   (gloves unavailable)
Will    ++...                   (boots unavailable) Stlth *+++++++++
                                q - amulet of reflection
HPRegen 0.20/turn               j - +6 ring of intelligence
MPRegen 0.22/turn               s - ring of poison resistance

@: about to teleport, grasped by roots, wreathed by umbra, constricted, very
quick
A: very small, no large weapons, unfitting armour, see invisible, speed 3
a: Renounce Religion, Shadow Step, Shadow Form


You were on level 15 of the Dungeon.
You worshipped Dithmenos.
Dithmenos was exalted by your worship.
You visited 2 branches of the dungeon, and saw 16 of its levels.
You also visited: Ossuary.

You collected 1048 gold pieces.
You spent 560 gold pieces at shops.

Inventory:

Hand Weapons
 a - a +5 dagger (weapon)
 o - the +9 hammer of Kismet {spect, rElec rC+ Dex+3 Stlth+}
   (You found it on level 3 of the Dungeon)

   When its wielder attacks, the weapon's spirit leaps out and strikes again.
   The spirit shares a part of any damage it takes with its wielder.
   Dex:       It affects your dexterity (+3).
   rC:        It protects you from cold.
   rElec:     It insulates you from electricity.
   Stlth:     It makes you more stealthy.
Missiles
 t - 12 atropa-tipped darts (quivered)
 z - a curare-tipped dart
 C - 38 poisoned darts
 D - a throwing net
Armour
 n - a +1 cloak (worn)
 x - +1 steam dragon scales (worn)
 y - a +2 hat (worn)
Jewellery
 b - a ring of protection from cold
 j - a +6 ring of intelligence (left hand)
 q - an amulet of reflection (around neck)
 r - an amulet of magic regeneration
 s - a ring of poison resistance (right hand)
Wands
 k - a wand of quicksilver (13)
 m - a wand of iceblast (12)
 H - a wand of flame (24)
 K - a wand of digging (2)
 L - a wand of paralysis (4)
Scrolls
 e - 2 scrolls of poison
 l - 5 scrolls of teleportation
 p - 2 scrolls of fog
 u - 3 scrolls of blinking
 A - a scroll of identify
 G - 2 scrolls of immolation
Potions
 c - a potion of invisibility
 d - 3 potions of berserk rage
 g - 2 potions of resistance
 h - 7 potions of haste
 i - 4 potions of flight
 v - 2 potions of might
 w - 12 potions of curing
 B - 2 potions of brilliance
 I - 3 potions of cancellation
Miscellaneous
 E - a box of beasts
 F - a box of beasts
 J - a phantom mirror (inert)


   Skills:
 + Level 6.4 Fighting
 + Level 8.6 Short Blades
 + Level 10.6 Dodging
 + Level 16.2 Stealth
 + Level 13.4 Spellcasting
 + Level 13.5 Hexes


You had 19 spell levels left.
You knew the following spells:

 Your Spells              Type           Power      Damage    Failure   Level
a - Ensorcelled Hibernat  Hex/Ice        92%        N/A       1%          2
b - Tukima's Dance        Hex            67%        N/A       1%          3
c - Dazzling Flash        Conj/Hex       92%        N/A       1%          3
d - Confusing Touch       Hex            67%        N/A       1%          3
e - Apportation           Tloc           30%        N/A       4%          1
f - Cause Fear            Hex            33%        N/A       1%          4
g - Summon Guardian Gole  Hex/Summ       46%        N/A       1%          3

Your spell library contained the following spells:

 Spells                   Type           Power      Damage    Failure   Level
 Inner Flame              Hex/Fire       46%        N/A       1%          3
 Portal Projectile        Hex/Tloc       92%        N/A       1%          3
 Leda's Liquefaction      Hex/Erth       23%        N/A       2%          4
 Beastly Appendage        Tmut           30%        N/A       4%          1
 Foxfire                  Conj/Fire      60%        2x1d7     4%          1
 Magic Dart               Conj           60%        1d6       4%          1
 Necrotise                Necr           60%        1d7       4%          1
 Sting                    Tmut/Pois      60%        1d6       4%          1
 Summon Small Mammal      Summ           60%        N/A       4%          1
 Call Imp                 Summ           15%        N/A       6%          2
 Passwall                 Tmut/Erth      12%        N/A       6%          2
 Poisonous Vapours        Pois/Air       30%        N/A       6%          2
 Scorch                   Fire           30%        2d7       6%          2
 Static Discharge         Conj/Air       15%        3-5/arc   6%          2
 Wereblood                Tmut           15%        N/A       6%          2
 Call Canine Familiar     Summ           15%        N/A       12%         3
 Conjure Flame            Conj/Fire      15%        6-21      12%         3
 Ignite Poison            Fire/Tmut/Pois 15%        N/A       12%         3
 Mephitic Cloud           Conj/Pois/Air  15%        N/A       12%         3
 Spider Form              Tmut/Pois      15%        N/A       12%         3
 Swiftness                Air            15%        N/A       12%         3
 Airstrike                Air            7%         0-4+      36%         4
 Animate Armour           Summ/Erth      30%        N/A       36%         4
 Animate Dead             Necr           15%        N/A       36%         4
 Dispel Undead            Necr           15%        3d10      36%         4
 Flame Wave               Conj/Fire      15%        2d7       36%         4
 Olgreb's Toxic Radiance  Pois           15%        N/A       36%         4
 Sticky Flame             Conj/Fire      15%        2d4       36%         4
 Summon Ice Beast         Ice/Summ       15%        N/A       36%         4
 Summon Lightning Spire   Summ/Air       15%        N/A       36%         4
 Alistair's Intoxication  Tmut/Pois      10%        N/A       73%         5
 Blade Hands              Tmut           7%         N/A       73%         5
 Borgnjor's Vile Clutch   Necr/Erth      7%         N/A       73%         5
 Lightning Bolt           Conj/Air       7%         1d20      73%         5
 Death Channel            Necr           7%         N/A       99%         6
 Iron Shot                Conj/Erth      7%         9d2       99%         6
 Summon Cactus Giant      Summ           7%         N/A       99%         6
 Dragon Form              Tmut           7%         N/A       100%        7
 Monstrous Menagerie      Summ           7%         N/A       100%        7
 Necromutation            Tmut/Necr      7%         N/A       100%        8
 Summon Horrible Things   Summ           7%         N/A       100%        8
 Dragon's Call            Summ           7%         N/A       100%        9


Dungeon Overview and Level Annotations

Branches:
Dungeon (14/15)            Temple (1/1) D:5            Lair (0/5) D:10
    Orc (0/2) D:9         Ossuary (visited)
 Vaults: D:13-14

Altars:
Dithmenos
Kikubaaqudgha
Nemelex Xobeh
Qazlal
Sif Muna
Uskayaw
Vehumet
Wu Jian
The Shining One

Shops:
D:6 (   D:7 *[![   D:14 =

Annotations:
D:15 Jorgrun


Innate Abilities, Weirdness & Mutations

You are very small and have problems with some larger weapons.
You are too small for most types of armour.
You have supernaturally acute eyesight. (SInv)
You cover ground extremely quickly. (Speed+++)


Message History

There is an open door here.
A wizard comes into view. It is wielding a +0 dagger.
Found Zaerialu's Jewellery Shoppe.
Found a stone staircase leading down.
The helpless wizard fails to defend itself.
You stick the wizard like a pincushion!!!!!
You kill the wizard!
Dithmenos accepts your kill.
A sourceless malevolence fills the Dungeon...
You fall into a shaft and drop 1 floor!
The shaft crumbles and collapses.
Found 7 stones.
As you open the door, it creaks loudly!
Jorgrun Earthshaker comes into view.
He is wielding a +0 vorpal quarterstaff and wearing a +1 robe of willpower.
Jorgrun shouts!
Jorgrun casts a spell at you.
Roots burst forth from the earth!
The grasping roots grab you! The grasping roots constrict you!
You escape the roots grasp.
Some rock shatters into small pieces.
Jorgrun casts a spell at you. The iron shot hits you!!
You emit a cloud of dark smoke.
As you read the scroll of fear, it crumbles to dust.
You assume a fearsome visage.
Jorgrun resists with almost no effort.
As you read the scroll of teleportation, it crumbles to dust.
You feel strangely unstable. Jorgrun casts a spell at you.
Roots burst forth from the earth!
The grasping roots grab you! The grasping roots constrict you!
* * * LOW HITPOINT WARNING * * *
You emit a cloud of dark smoke.
The roots grasp on you weakens, but your attempt to escape fails.
You block Jorgrun's attack. The grasping roots constrict you!
* * * LOW HITPOINT WARNING * * *
You feel much better.
Jorgrun hits you with a +0 vorpal quarterstaff!
* * * LOW HITPOINT WARNING * * *
x2 The grasping roots constrict you!
You die...

##### #...# #...#
##...#########
#....'.......
######....#####.####
..........§§§@g(...#
.############§####.#
.## .# .# .# .. ..


You could see Jorgrun.

Vanquished Creatures
  A very ugly thing (D:10)
  Azrael (D:13)
  2 hydras
  3 centaur warriors
  3 two-headed ogres
  A tengu warrior (D:13)
  A skeletal warrior (D:12)
  Pikel (D:9)
  2 wizards
  13 ugly things
  A gargoyle (D:13)
  A tengu conjurer (D:13)
  3 komodo dragons (D:10)
  6 kobold demonologists
  5 trolls
  3 meliai (D:13)
  2 wraiths (D:9)
  3 shadows
  A vampire (D:11)
  13 yaks
  2 basilisks
  5 fire elementals
  3 steam dragons
  Duvessa (D:4)
  2 acid dragons (D:10)
  2 water moccasins
  3 hell hounds
  An ice beast (D:6)
  5 orc warriors
  2 black bears
  3 sky beasts
  4 ogres
  9 centaurs
  A phantom (D:4)
  A lemure (D:9)
  6 kobold brigands
  Blork the orc (D:4)
  3 bullfrogs
  2 necrophages
  13 scorpions
  A gnoll sergeant (D:9)
  9 wights
  Dowan (D:4)
  6 killer bees (D:8)
  9 howler monkeys
  2 centaur zombies (Ossuary)
  5 jellies
  Crazy Yiuf (D:3)
  3 gnoll boudas
  4 hounds
  4 human zombies (Ossuary)
  11 orc priests
  Ijyb (D:3)
  5 iguanas
  9 orc wizards
  3 scorpion zombies (Ossuary)
  3 mummies (Ossuary)
  17 gnolls
  13 river rats (D:5)
  8 adders
  A shadow imp (D:8)
  2 white imps (D:7)
  A worm (D:3)
  2 dart slugs
  62 orcs
  2 endoplasms (D:2)
  12 giant cockroaches
  5 goblins
  7 hobgoblins
  3 jackals (D:2)
  7 quokkas
  4 ball pythons
  5 bats
  3 frilled lizards
  A gnoll zombie (Ossuary)
  5 goblin zombies (Ossuary)
  2 hobgoblin zombies (Ossuary)
  15 kobolds
  4 orc zombies (Ossuary)
  A quokka zombie (D:4)
  24 rats
  A rat zombie (D:4)
419 creatures vanquished.

Vanquished Creatures (collateral kills)
  2 skeletal warriors (D:12)
  A wizard (D:10)
  An orc warrior (D:11)
  A centaur (D:14)
  A gnoll sergeant (D:11)
  2 gnolls
8 creatures vanquished.

Vanquished Creatures (others)
  4 dancing weapons
4 creatures vanquished.

Grand Total: 431 creatures vanquished

Notes
Turn   | Place    | Note
-------+----------+-------------------------------------------
     0 | D:1      | mardmx the Spriggan Enchanter began the quest for the Orb.
     0 | D:1      | Reached XP level 1. HP: 9/9 MP: 5/5
   625 | D:1      | Reached XP level 2. HP: 2/13 MP: 7/7
   628 | D:1      | Learned a level 2 spell: Ensorcelled Hibernation
   972 | D:1      | Found a faded altar of an unknown god.
  1838 | D:2      | Found a shadowy altar of Dithmenos.
  1852 | D:2      | Reached XP level 3. HP: 7/16 MP: 9/9
  2255 | D:2      | Became a worshipper of Dithmenos the Shadowed
  2350 | D:2      | Learned a level 3 spell: Tukima's Dance
  2354 | D:2      | Learned a level 3 spell: Confusing Touch
  2412 | D:3      | Noticed Ijyb
  2421 | D:3      | Killed Ijyb
  2580 | D:3      | Learned a level 1 spell: Apportation
  2654 | D:3      | Found a runed translucent door.
  2655 | D:3      | Noticed Crazy Yiuf
  2671 | D:3      | Killed Crazy Yiuf
  2672 | D:3      | Reached skill level 5 in Hexes
  2672 | D:3      | Reached XP level 4. HP: 21/21 MP: 1/11
  2685 | D:3      | Identified the +9 hammer of Kismet {spect, rElec rC+ Dex+3
                  | Stlth+}
  3083 | D:3      | Reached XP level 5. HP: 24/24 MP: 13/13
  3086 | D:3      | Reached * piety under Dithmenos
  3093 | D:3      | Reached skill level 5 in Spellcasting
  3111 | D:3      | Learned a level 3 spell: Dazzling Flash
  3172 | D:4      | Noticed a phantom
  3179 | D:4      | Killed a phantom
  3180 | D:4      | Reached skill level 5 in Stealth
  3180 | D:4      | Reached XP level 6. HP: 28/28 MP: 13/15
  3238 | D:4      | Found Tol Uczadeir's Antique Weapon Shoppe.
  3302 | D:4      | Reached skill level 6 in Stealth
  3581 | D:4      | Noticed Blork the orc
  3590 | D:4      | Killed Blork the orc
  3591 | D:4      | Reached XP level 7. HP: 31/32 MP: 17/17
  3643 | D:4      | Found a sand-covered staircase.
  3651 | Ossuary  | Entered an ossuary
  3684 | Ossuary  | Reached ** piety under Dithmenos
  3699 | Ossuary  | Reached skill level 7 in Stealth
  3975 | Ossuary  | Reached skill level 8 in Stealth
  3976 | Ossuary  | Reached XP level 8. HP: 30/36 MP: 20/20
  4652 | D:4      | Reached skill level 9 in Stealth
  4733 | D:4      | Reached *** piety under Dithmenos
  4834 | D:4      | Noticed Duvessa
  4835 | D:4      | Noticed Dowan
  4843 | D:4      | Killed Duvessa
  4847 | D:4      | Killed Dowan
  5417 | D:5      | Entered Level 5 of the Dungeon
  5477 | D:5      | Reached skill level 10 in Stealth
  5588 | D:5      | Reached XP level 9. HP: 39/39 MP: 21/23
  5899 | D:5      | Got the Parchment of the Entourage
  6021 | D:5      | Reached skill level 11 in Stealth
  6140 | D:5      | Reached **** piety under Dithmenos
  6158 | D:5      | Identified a scroll of acquirement
  6158 | D:5      | Acquired a book of the Dragon
  6167 | D:5      | Learned a level 4 spell: Cause Fear
  6171 | D:5      | Learned a level 3 spell: Summon Guardian Golem
  6575 | D:5      | Reached skill level 10 in Hexes
  6749 | D:5      | Found a staircase to the Ecumenical Temple.
  6758 | Temple   | Entered the Ecumenical Temple
  6942 | D:6      | Found Qiadebat's Weapon Boutique.
  7357 | D:6      | Reached skill level 10 in Spellcasting
  7497 | D:6      | Reached skill level 1 in Fighting
  7843 | D:7      | Reached skill level 12 in Stealth
  8205 | D:7      | Found Tut Jeut's Distillery.
  8208 | D:7      | Found Ynouf's Antique Armour Shoppe.
  8209 | D:7      | Found Gotac's Antique Armour Shoppe.
  8209 | D:7      | Found Dueloel's General Store.
  8229 | D:7      | Bought a runed hat for 168 gold pieces
  8229 | D:7      | Bought a shiny orb for 288 gold pieces
  8471 | D:7      | Reached XP level 10. HP: 40/46 MP: 25/25
  8523 | D:7      | Reached ***** piety under Dithmenos
  9480 | D:8      | Reached skill level 5 in Dodging
  9790 | D:7      | Bought a potion of curing for 39 gold pieces
  9790 | D:7      | Bought a potion of curing for 39 gold pieces
  9790 | D:7      | Bought a scroll of identify for 26 gold pieces
 10158 | D:9      | Found an ancient bone altar of Kikubaaqudgha.
 10162 | D:9      | Noticed Pikel
 10170 | D:9      | Killed Pikel
 10411 | D:9      | Reached skill level 13 in Stealth
 10496 | D:9      | Got the Parchment of Transfiguration and the Retinue
 10695 | D:9      | Found a staircase to the Orcish Mines.
 11303 | D:9      | Reached XP level 11. HP: 23/52 MP: 27/27
 11831 | D:9      | Reached skill level 5 in Short Blades
 11954 | D:9      | Noticed a seven-headed hydra
 12324 | D:9      | Killed a seven-headed hydra
 12700 | D:10     | Entered Level 10 of the Dungeon
 13144 | D:10     | Reached ****** piety under Dithmenos
 13276 | D:10     | Found a staircase to the Lair.
 13675 | D:10     | Noticed a brown ugly thing
 13675 | D:10     | Noticed a purple ugly thing
 13677 | D:10     | Noticed a cyan ugly thing
 13732 | D:10     | Killed a green ugly thing
 13733 | D:10     | Reached skill level 14 in Stealth
 13737 | D:10     | Killed a green ugly thing
 13739 | D:10     | Killed a cyan ugly thing
 13859 | D:10     | Identified the +1 robe of the End {-Tele Regen+ Str+3}
 13892 | D:10     | Noticed a green ugly thing
 13892 | D:10     | Noticed a cyan ugly thing
 13897 | D:10     | Noticed a green very ugly thing
 14221 | D:10     | Noticed a green ugly thing
 14225 | D:10     | Killed a cyan ugly thing
 14227 | D:10     | Killed a cyan ugly thing
 14229 | D:10     | Killed a green ugly thing
 14342 | D:10     | Noticed a wizard
 14345 | D:10     | Killed a wizard
 14536 | D:10     | Noticed a wizard
 14544 | D:10     | Killed a wizard
 14623 | D:10     | Killed a cyan very ugly thing
 14714 | D:11     | Reached XP level 12. HP: 47/59 MP: 11/29
 15084 | D:11     | Reached skill level 5 in Fighting
 15323 | D:12     | Noticed a two-headed ogre
 15338 | D:12     | Killed a two-headed ogre
 15339 | D:12     | Reached skill level 15 in Stealth
 15434 | D:12     | Found a sparkling altar of Nemelex Xobeh.
 15680 | D:12     | Noticed a two-headed ogre
 15687 | D:12     | Killed a two-headed ogre
 16251 | D:13     | Noticed a centaur warrior
 16256 | D:13     | Noticed a six-headed hydra
 16259 | D:13     | Killed a centaur warrior
 16260 | D:13     | Noticed a tengu warrior
 16268 | D:13     | Killed a six-headed hydra
 16268 | D:13     | Killed a tengu warrior
 16555 | D:13     | Noticed a centaur warrior
 16716 | D:13     | Noticed Azrael
 17048 | D:12     | Killed a centaur warrior
 17115 | D:13     | HP: 2/60 [meliai/+0 hand axe (4)]
 17582 | D:12     | Reached skill level 10 in Dodging
 17785 | D:12     | HP: 2/60 [skeletal warrior (11)]
 18087 | D:12     | HP: 3/60 [skeletal warrior (16)]
 18408 | D:13     | HP: 1/61 [Azrael/+0 scimitar of flaming (3)]
 18714 | D:13     | Killed Azrael
 18724 | D:13     | Reached XP level 13. HP: 65/65 MP: 31/31
 18996 | D:13     | Reached skill level 16 in Stealth
 19836 | D:14     | Found Zaerialu's Jewellery Shoppe.
 19839 | D:14     | You fall into a shaft and drop 1 floor!
 19839 | D:15     | Entered Level 15 of the Dungeon
 19842 | D:15     | Noticed Jorgrun
 19852 | D:15     | Constricted to death by Jorgrun

Illustrated notes

Levels and vault maps discovered:
D:1:      lightli_arrival_lavapool, layout_basic,
          chequers_ecumenical_altar_grove
D:2:      layout_rooms, basic_altar
D:3:      minmay_roachtagon, layout_rooms, grunt_ministairs_12, corexii_shack,
          kennysheep_nub, uniq_ijyb, uniq_crazy_yiuf_cottage
D:4:      black_bear_nest_2, layout_loops_corners, serial_shops,
          kennysheep_little_box, enter_ossuary_4, grunt_ministairs_6,
          uniq_duvessa, uniq_blork_the_orc
D:5:      lemuel_ratsnest, layout_gridville, minmay_temple_entry_poolview,
          nrook_campfire, minmay_joined_circles
D:6:      layout_loops_cross, serial_shops, nicolae_square_shop
D:7:      layout_loops_cross, minmay_shop_grid_forest
D:8:      layout_cave_pools, kennysheep_generic_room_6
D:9:      layout_loops_ring, nicolae_kikubaaqudgha_miasma_corner, david_orc_5,
          minmay_puff, uniq_pikel
D:10:     cheibrodos_breeding_chamber, layout_small_grid, erik_lair_dragon,
          minmay_stone_trees_small
D:11:     layout_basic
D:12:     layout_loops_cross, nemelex_spade_bored_becter
D:13:     layout_big_octagon, uniq_azrael
D:14:     layout_roguey, grunt_vaults_entry_fortified, lemuel_doored_altar,
          serial_shops, nicolae_stop_n_shop_2
D:15:     grunt_enter_depths_giant_problem, layout_basic, okawaru_trees_2,
          lightli_fourway_metalbox, uniq_jorgrun
Temple:   compressed_dpeg_triangle_lava_temple

Skill      XL: |  1  2  3  4  5  6  7  8  9 10 11 12 13 |
---------------+----------------------------------------+-----
Spellcasting   | 3 4 5 6 7 9 10 11 12 13 | 13.4
Hexes          | 4 5 6 7 9 10 11 12 13 | 13.5
Stealth        | 5 6 8 10 12 13 14 15 16 | 16.2
Dodging        | 4 6 8 10 | 10.6
Fighting       | 1 3 4 6 |  6.4
Short Blades   | 2 4 6 8 |  8.6

Action                   |  1- 3 |  4- 6 |  7- 9 | 10-12 | 13-15 || total
-------------------------+-------+-------+-------+-------+-------++-------
Melee: Dagger            |   103 |     6 |       |   116 |    45 ||   270
       Mace              |       |    72 |   240 |   296 |     7 ||   615
       Punch             |       |     1 |     3 |     4 |       ||     8
 Cast: Ensorcelled Hiber |     7 |       |       |    50 |    21 ||    78
       Tukima's Dance    |     3 |       |     2 |    39 |     2 ||    46
       Confusing Touch   |     1 |       |       |     9 |       ||    10
Invok: Shadow Step       |       |       |       |     2 |       ||     2
Evoke: Wand              |       |       |     3 |    22 |     5 ||    30
       Phantom mirror    |       |       |       |     1 |       ||     1
  Use: Scroll            |     8 |     3 |    10 |     9 |     4 ||    34
       Potion            |       |     2 |     3 |     7 |     1 ||    13
 Stab: Sleeping          |    12 |     9 |    41 |    46 |    10 ||   118
       Distracted        |     2 |       |     5 |     7 |       ||    14
       Confused          |     2 |       |       |     6 |       ||     8
       Invisible         |       |       |       |     4 |       ||     4
Armor: Robe              |    13 |     9 |    27 |       |       ||    49
       Skin              |       |       |    20 |       |       ||    20
       Steam dragon scal |       |       |       |    79 |    22 ||   101
Dodge: Dodged            |    98 |    49 |   225 |   522 |    85 ||   979
Block: Other             |       |    10 |    64 |   135 |    19 ||   228
       Reflection        |       |       |       |     3 |       ||     3

Table legend: (Time is in decaauts)
 A = Elapsed time spent in this place.
 B = Non-inter-level travel time spent in this place.
 C = Inter-level travel time spent in this place.
 D = Time resting spent in this place.
 E = Time spent auto-exploring this place.
 F = Levels seen in this place.
 G = Mean time per level.
                   A        B        C        D        E       F      G
               +--------+--------+--------+--------+--------+-----+--------+
         Total |  16462 |  16107 |    355 |   4616 |   8467 |  17 |  968.4 |
       Dungeon |  15657 |  15302 |    355 |   4329 |   8152 |  15 | 1043.8 |
        Temple |      1 |      1 |      0 |      0 |      0 |   1 |    1.0 |
       Ossuary |    804 |    804 |      0 |    287 |    314 |   1 |  804.0 |
               +--------+--------+--------+--------+--------+-----+--------+

Top non-repeatable levels by time:
    D:12: 2765 daAuts
     D:9: 1971 daAuts
    D:10: 1450 daAuts
     D:1: 1303 daAuts
     D:8: 1260 daAuts
     D:5: 1164 daAuts
     D:4: 1053 daAuts
     D:7: 904 daAuts
     D:6: 901 daAuts
 Ossuary: 804 daAuts
    D:11: 715 daAuts
     D:2: 673 daAuts
     D:3: 577 daAuts
    D:13: 458 daAuts
    D:14: 448 daAuts
